 Dungeon Crawl Stone Soup version 0.31.0 (webtiles) character file.

Game seed: 15956754024728722181

15 monsoonserge the Magician (level 2, -1/15 HPs)
             Began as a Deep Elf Hedge Wizard on Jan 19, 2024.
             Slain by a jackal (2 damage)
             ... on level 1 of the Dungeon.
             The game lasted 00:02:14 (483 turns).

monsoonserge the Magician (Deep Elf Hedge Wizard)    Turns: 483, Time: 00:02:15

Health: -1/15      AC:  2    Str:  7    XL:     2   Next: 34%
Magic:  2/10       EV: 12    Int: 18    God:
Gold:   14         SH:  0    Dex: 14    Spells: 6/11 levels left

rFire   . . .        a - +0 dagger
rCold   . . .        (no shield)
rNeg    . . .        b - +0 robe
rPois   .            c - +0 hat
rElec   .            (no cloak)
rCorr   .            (no gloves)
SInv    .            (no boots)
Will    .....        (no amulet)
Stlth   ++           (no ring)
HPRegen 0.22/turn    (no ring)
MPRegen 0.12/turn

%: no passive effects
@: very slightly contaminated
A: no striking features
a: no special abilities


You were on level 1 of the Dungeon.
You visited 1 branch of the dungeon, and saw 1 of its levels.

You collected 14 gold pieces.

Inventory:

Hand Weapons
 a - a +0 dagger (weapon)
Armour
 b - a +0 robe (worn)
 c - a +0 hat (worn)
Scrolls
 e - a scroll of identify {unknown}
 g - a scroll of enchant weapon {unknown}
Potions
 d - a potion of magic
 f - a potion of haste {unknown}


   Skills:
 + Level 2.6 Dodging
 + Level 2.4 Stealth
 + Level 5.2 Spellcasting
 + Level 1.1 Conjurations
 + Level 1.1 Summonings
 + Level 1.1 Translocations


You had 6 spell levels left.
You knew the following spells:

 Your Spells              Type           Power      Damage    Failure   Level
a - Magic Dart            Conj           32%        1d4       9%          1
b - Blink                 Tloc           16%        N/A       12%         2
c - Call Imp              Summ           16%        N/A       12%         2

Your spell library contained the following spells:

 Spells                   Type           Power      Damage    Failure   Level
 Slow                     Hex            16%        N/A       13%         1
 Cigotuvi's Dreadful Rot  Necr/Alch/Air  8%         N/A       21%         2
 Mephitic Cloud           Conj/Alch/Air  6%         N/A       32%         3


Dungeon Overview and Level Annotations

Branches:
Dungeon (1/15)

Altars:


Message History

A jackal comes into view.
The bat hits you but does no damage. The bat misses you.
Casting: Magic Dart (safe; 9% risk of failure)
Confirm with . or Enter, or press ? or * to list all spells.
Aiming: Magic Dart (safe; 9% risk of failure)
Press: ? - help, Shift-Dir - straight line, f - jackal, p - kobold
Aim: a jackal (100% to hit)
The magic dart hits the kobold.
The kobold is heavily wounded.
The jackal barks!
The bat hits you. x3; The bat hits you but does no damage.
The jackal closely misses you.
Your cerulean imp barely misses the jackal.
The kobold barely misses you. The bat hits you.
Casting: Magic Dart (safe; 9% risk of failure)
Confirm with . or Enter, or press ? or * to list all spells.
Aiming: Magic Dart (safe; 9% risk of failure)
Press: ? - help, Shift-Dir - straight line, f - frilled lizard, p - jackal
Aim: a frilled lizard (100% to hit)
The magic dart hits the bat.
The bat is moderately wounded.
The bat hits you but does no damage. The bat hits you. The jackal bites you.
* * * LOW HITPOINT WARNING * * *
Your cerulean imp barely misses the jackal.
The kobold barely misses you.
Casting: Magic Dart (safe; 9% risk of failure)
Confirm with . or Enter, or press ? or * to list all spells.
Aiming: Magic Dart (safe; 9% risk of failure)
Press: ? - help, Shift-Dir - straight line, f - bat, p - frilled lizard
Aim: a bat (moderately wounded, 100% to hit)
The magic dart hits the frilled lizard.
The frilled lizard is heavily wounded.
The bat hits you.
* * * LOW HITPOINT WARNING * * *
The jackal bites you.
* * * LOW HITPOINT WARNING * * *
The bat hits you.
* * * LOW HITPOINT WARNING * * *
The bat barely misses you. The jackal bites you.
You die...

### #.## #######..
..h... #....##.###..####
#.#...#.#....##..
#.#.#.#.#.#.h#.#.
#....^....h..#.$#
##########.#....5...#..#
.............#..hK..#..#
###...)....#.##.@b..#g.#
....#.....>.....bl...#.#
..†...##.#.#.#........##
##.....#.#.#.#.#..###..#
.#######.#.#...#... ..
.........#.#####.##. .
.#########.# ... .# .#
#.# ###. . .# ####....
...


You could see 4 jackals, a goblin, 2 bats, a kobold, a frilled lizard and a
friendly cerulean imp (summoned).

Vanquished Creatures
  2 ball pythons (D:1)
  2 bats (D:1)
  2 endoplasms (D:1)
  A giant cockroach (D:1)
  3 quokkas (D:1)
  A kobold (D:1)
  2 rats (D:1)
13 creatures vanquished.

Notes
Turn   | Place    | Note
-------+----------+-------------------------------------------
     0 | D:1      | monsoonserge the Deep Elf Hedge Wizard began the quest for
                  | the Orb.
     0 | D:1      | Reached XP level 1. HP: 10/10 MP: 7/7
   170 | D:1      | Reached skill level 5 in Spellcasting
   175 | D:1      | Reached XP level 2. HP: 15/15 MP: 0/10
   299 | D:1      | Learned a level 2 spell: Blink
   303 | D:1      | Learned a level 2 spell: Call Imp
   483 | D:1      | Slain by a jackal

Illustrated notes

Levels and vault maps discovered:
D:1:      dpeg_arrival_snail, layout_basic, minmay_3d_cube

Skill      XL: |  1 |
---------------+----+-----
Spellcasting   | 5 |  5.2
Dodging        | |  2.6
Stealth        | |  2.4
Conjurations   | |  1.1
Summonings     | |  1.1
Translocations | |  1.1

Action                     || total
---------------------------++-------
  Melee: Dagger            ||    15
         Punch             ||     1
   Cast: Magic Dart        ||    38
         Call Imp          ||     1
 Armour: Robe              ||    31
  Dodge: Dodged            ||    26
